 Dungeon Crawl Stone Soup version 0.28-a0-1080-g05a166d0ed (webtiles) character file.

Game seed: 6737214192185048109

0 meatgazer the Skirmisher (level 1, -1/18 HPs)
             Began as a Demonspawn Abyssal Knight on Dec 9, 2021.
             Was a Follower of Lugonu.
             Killed from afar by a wretched star (15 damage)
             ... with a lance of force
             ... on level 3 of the Abyss.
             The game lasted 00:00:32 (191 turns).

meatgazer the Skirmisher (Demonspawn Abyssal Knight) Turns: 191, Time: 00:00:33

Health: -1/18      AC:  3    Str: 13    XL:     1   Next: 0%
Magic:  2/2        EV: 26    Int: 11    God:    Lugonu [*.....]
Gold:   0          SH:  0    Dex: 13    Spells: 0/0 levels left

rFire   . . .      SeeInvis .   a - +1 falchion
rCold   . . .      Faith    .   (no shield)
rNeg    . . .      Spirit   .   b - +0 leather armour
rPois   .          Reflect  .   (no helmet)
rElec   .          Harm     .   (no cloak)
rCorr   .          Rampage  .   (no gloves)
Will    .....                   (no boots)
Stlth   +.........              d - amulet of the acrobat
HPRegen 0.06/turn               (no ring)
MPRegen 0.08/turn               (no ring)

@: acrobatic
A: no striking features
a: Renounce Religion, Depart the Abyss


You were on level 3 of the Abyss.
You worshipped Lugonu.
Lugonu was aware of your devotion.
You visited 0 branches of the dungeon, and saw 0 of its levels.
You visited the Abyss 1 time.

Inventory:

Hand Weapons
 a - a +1 falchion (weapon)
Armour
 b - a +0 leather armour (worn)
Jewellery
 d - an amulet of the acrobat (around neck)


   Skills:
 + Level 3.0 Fighting
 + Level 1.7 Long Blades
 + Level 1.7 Armour
 + Level 0.8 Dodging
 + Level 2.4 Invocations


You couldn't memorise any spells.
You didn't know any spells.
Your spell library was empty.

Dungeon Overview and Level Annotations

Branches:
Dungeon (0/15)

Altars:


Message History

You escape the starspawn tentacle's grasp.
The starspawn tentacle completely misses you.
The starspawn tentacle completely misses you.
The starspawn tentacle grabs you. The starspawn tentacle constricts you.
The starspawn tentacle's grasp on you weakens, but your attempt to escape fails.
The starspawn tentacle loses its grip on you.
The tentacle pulls you backwards! The starspawn tentacle grabs you.
The starspawn tentacle constricts you.
You escape the starspawn tentacle's grasp.
A tentacle flies out from the starspawn's body!
A starspawn tentacle comes into view.
The starspawn tentacle misses you.
The starspawn tentacle completely misses you.
Tentacles burst from the starspawn's body! 2 starspawn tentacles come into view.
A chaos spawn comes into view.
The starspawn tentacle completely misses you.
The chaos spawn completely misses you.
Found a gateway leading deeper into the Abyss.
A naga comes into view.
It is wielding a +2 long sword of protection.
Tentacles burst from the starspawn's body! 2 starspawn tentacles come into view.
There is a gateway leading deeper into the Abyss here.
You plunge deeper into the Abyss.
The abyssal rune of Zot can be found at this depth.
As you read the scroll labelled ROSHOL JABLOCK, it crumbles to dust.
You feel strangely unstable.
You feel the power of the Abyss delaying your translocation!
It was a scroll of teleportation.
You start resting.
You are suddenly pulled into a different region of the Abyss!
You start resting.
There is a strange disturbance nearby!
A wretched star comes into view.
The wretched star glows turbulently.
The lance of force misses you.
The wretched star glows turbulently.
The lance of force hits you!
Ouch! That really hurt!
You die...

. . #. #. .#
... . .### ..
## ..# ..#
.#..##. .#....#
..#...#. # ....
.. ...#..##.#
#..#....#.#
#.@##....#
##.#..#.###
#..#..##..#..
#.#.*.......#.
#.#####*......#
## #...#####..#
#.##* ##. ## #.
..


You could see a wretched star.

Vanquished Creatures (others)
  7 starspawn tentacles (Abyss:2)
7 creatures vanquished.

Notes
Turn   | Place    | Note
-------+----------+-------------------------------------------
     0 | Abyss:1  | meatgazer the Demonspawn Abyssal Knight began the quest for
                  | the Orb.
     0 | Abyss:1  | Reached XP level 1. HP: 18/18 MP: 2/2
   101 | Abyss:2  | Noticed a tentacled starspawn
   120 | Abyss:2  | Noticed a chaos spawn
   131 | Abyss:2  | Noticed a guardian serpent
   131 | Abyss:2  | Noticed a naga
   186 | Abyss:3  | Noticed a wretched star
   191 | Abyss:3  | Killed from afar by a wretched star

Illustrated notes

Levels and vault maps discovered:
Abyss:3:  base: Temple, due_evilmike_abyss_rune_seething_liches,
          hangedman_abyss_or_decor_jellyfish_corner, hangedman_shadowy_showcase

Action                   || total
-------------------------++-------
  Use: Scroll            ||     1
Dodge: Dodged            ||    12

Table legend: (Time is in decaauts)
 A = Elapsed time spent in this place.
 B = Non-inter-level travel time spent in this place.
 C = Inter-level travel time spent in this place.
 D = Time resting spent in this place.
 E = Time spent auto-exploring this place.
 F = Levels seen in this place.
 G = Mean time per level.
                   A        B        C        D        E       F      G
               +--------+--------+--------+--------+--------+-----+--------+
         Total |    190 |    190 |      0 |     42 |     84 |   3 |   63.3 |
         Abyss |    190 |    190 |      0 |     42 |     84 |   3 |   63.3 |
               +--------+--------+--------+--------+--------+-----+--------+

Top non-repeatable levels by time:
 Abyss:2: 81 daAuts
 Abyss:1: 56 daAuts
 Abyss:3: 52 daAuts
